 Dungeon Sprint DCSS version 0.31-a0-819-gf6de2f5ab6 (webtiles) character file.

Game seed: 648663389578321800

1771 sircluck the Grappler (level 8, -5/93 HPs)
             Began as a Troll Berserker on Sept 23, 2023.
             Was an Elder of Trog.
             Slain by a deep troll (12 damage)
             ... in the Dungeon (Sprint I: "Red Sonja").
             The game lasted 00:01:50 (298 turns).

sircluck the Grappler (Troll Berserker)              Turns: 298, Time: 00:01:50

Health: -5/93      AC:  6    Str: 28    XL:     8   Next: 80%
Magic:  7/7        EV: 12    Int:  3    God:    Trog [****..]
Gold:   581        SH:  0    Dex:  9    Spells: 7/7 levels left

rFire   . .          .
                       - Unarmed
rCold   + + .        (no shield)
rNeg    . . .        j - +2 robe {rC+}
rPois   .            (helmet restricted)
rElec   .            (no cloak)
rCorr   .            (gloves unavailable)
SInv    .            (boots unavailable)
Will    .....        (no amulet)
Stlth   +            l - ring of protection from cold
HPRegen 1.15/turn    (no ring)
MPRegen 0.10/turn

%: no teleportation
@: no status effects
A: large, unfitting armour, claws 3, regeneration 1, shaggy fur 1, tough skin 1
a: Renounce Religion, Berserk, Trog's Hand, Brothers in Arms


You were in the Dungeon.
You worshipped Trog.
Trog was greatly pleased with you.
You visited 1 branch You collected 725 gold pieces.
You spent 144 gold pieces at shops.

Inventory:

Missiles
 k - 2 poisoned darts
 m - 3 curare-tipped darts
Armour
 a - a +1 animal skin
 j - a +2 robe of cold resistance (worn)
Jewellery
 l - a ring of protection from cold (left claw)
Wands
 h - a wand of quicksilver (11)
 i - a wand of flame (1)
Scrolls
 g - a scroll of blinking
 n - a scroll of silence {unknown}
 o - a scroll of identify {unknown}
Potions
 b - 3 potions of curing
 d - a potion of haste
 e - 2 potions of magic
 f - a potion of berserk rage


   Skills:
 + Level 10.1 Fighting
 + Level 10.0 Dodging
 + Level 11.8 Unarmed Combat


You had 7 spell levels left.
You didn't know any spells.
Your spell library was empty.

Dungeon Overview and Level Annotations

Branches:
Dungeon (1/1)

Altars:
Cheibriados
Dithmenos
Elyvilon
Fedhas
Gozag
Hepliaklqana
Kikubaaqudgha
Makhleb
Nemelex Xobeh
Okawaru
Qazlal
Ru
Sif Muna
Trog
Uskayaw
Vehumet
Wu Jian
Xom
Yredelemnul
Zin
The Shining One
Jiyva
Lugonu

Shops:
D *


Innate Abilities, Weirdness & Mutations

You are too large for most types of armour.
You have claws for hands.
Your natural rate of healing is unusually fast.
You are covered in fur. (AC +1)
You have tough skin. (AC +1)


Message History

You now have 465 gold pieces (gained 27).
You now have 492 gold pieces (gained 27).
n - a scroll labelled FUHAALE XEBRODU You now have 500 gold pieces (gained 8).
You recover from your berserk rage.
o - a scroll labelled OMEB WUNEJATH
b - 3 potions of curing (gained 1)
You now have 527 gold pieces (gained 27).
You now have 554 gold pieces (gained 27).
You now have 581 gold pieces (gained 27).
There is an open door here.
You open the door.
A deep troll comes into view.
Found 108 gold pieces.
There is an open door here.
You claw the deep troll!
The deep troll is moderately wounded.
The deep troll barely misses you. The deep troll claws you! x2
You claw the deep troll! Your claw misses the deep troll.
The deep troll is moderately wounded.
The deep troll completely misses you. The deep troll closely misses you.
The deep troll claws you.
You claw the deep troll!
The deep troll is heavily wounded.
The deep troll bites you!! The deep troll claws you!
The deep troll closely misses you.
You closely miss the deep troll.
The deep troll is heavily wounded.
You mangle the deep troll!!
The deep troll is almost dead.
The deep troll bites you!!
* * * LOW HITPOINT WARNING * * *
The deep troll claws you.
* * * LOW HITPOINT WARNING * * *
The deep troll claws you!
* * * LOW HITPOINT WARNING * * *
You feel much better. The deep troll bites you!!
* * * LOW HITPOINT WARNING * * *
The deep troll barely misses you. The deep troll claws you!
You die...

#..#####'#####'#__####...+
#..####..#...#.#### #####
#..#__####..##.#
#..#_____##'#_.+
#⌠⌠#_.∩...'..._#
####_..__##_.#'#
#_____###)#%#
#########.####+###
+..@T$$.$$+ #...#######
###.### #.#'#.# #.....#
#.....# #######


You could see a deep troll.

Vanquished Creatures
  Sonja (D)
  2 kobold demonologists (D)
  A slime creature (D)
  Sigmund (D)
  A yak (D)
  A floating eye (D)
  An ogre (D)
  A jelly (D)
  Ijyb (D)
10 creatures vanquished.

Vanquished Creatures (others)
  2 ballistomycete spores (D)
2 creatures vanquished.

Grand Total: 12 creatures vanquished

Notes
Turn   | Place    | Note
-------+----------+-------------------------------------------
     0 | D        | sircluck the Troll Berserker began the quest for the Orb.
     0 | D        | Reached XP level 1. HP: 22/22 MP: 0/0
     1 | D        | Noticed Ijyb
     4 | D        | Killed Ijyb
     5 | D        | Reached skill level 4 in Unarmed Combat
     5 | D        | Reached XP level 2. HP: 32/32 MP: 1/1
     9 | D        | Noticed an ogre
    14 | D        | Killed an ogre
    15 | D        | Reached skill level 5 in Fighting
    15 | D        | Reached skill level 5 in Dodging
    15 | D        | Reached skill level 6 in Unarmed Combat
    15 | D        | Reached XP level 3. HP: 29/42 MP: 2/2
    15 | D        | Reached XP level 4. HP: 34/50 MP: 3/3
    41 | D        | Noticed Sigmund
    46 | D        | Killed Sigmund
    46 | D        | Reached ** piety under Trog
    47 | D        | Reached skill level 7 in Unarmed Combat
    47 | D        | Reached XP level 5. HP: 38/61 MP: 4/4
    47 | D        | Reached XP level 6. HP: 43/68 MP: 5/5
    81 | D        | Found a burning altar of Makhleb.
    81 | D        | Found a viscous altar of Jiyva.
    81 | D        | Found a shimmering altar of Xom.
    81 | D        | Found a corrupted altar of Lugonu.
    81 | D        | Noticed a slime creature
    90 | D        | Killed a slime creature
    91 | D        | Reached skill level 8 in Unarmed Combat
   133 | D        | Noticed a kobold demonologist
   133 | D        | Noticed a floating eye
   133 | D        | Noticed a kobold demonologist
   135 | D        | Killed a floating eye
   136 | D        | Reached skill level 9 in Unarmed Combat
   136 | D        | Reached XP level 7. HP: 79/79 MP: 6/6
   142 | D        | Noticed a ynoxinul
   143 | D        | Noticed a red devil
   145 | D        | Noticed a chaos spawn
   148 | D        | Killed a kobold demonologist
   148 | D        | Reached *** piety under Trog
   149 | D        | Reached skill level 10 in Unarmed Combat
   150 | D        | Killed a kobold demonologist
   151 | D        | Reached XP level 8. HP: 92/92 MP: 7/7
   169 | D        | Found an ornate altar of the Wu Jian Council.
   169 | D        | Found a shimmering blue altar of Sif Muna.
   171 | D        | Found a radiant altar of Vehumet.
   207 | D        | Found Plog's Assorted Antiques.
   207 | D        | Found an ancient bone altar of Kikubaaqudgha.
   207 | D        | Found a hazy altar of Hepliaklqana.
   207 | D        | Found a hide-covered altar of Uskayaw.
   207 | D        | Found a basalt altar of Yredelemnul.
   207 | D        | Found an opulent altar of Gozag.
   207 | D        | Found a snail-covered altar of Cheibriados.
   207 | D        | Found a sacrificial altar of Ru.
   207 | D        | Found a shadowy altar of Dithmenos.
   213 | D        | Reached **** piety under Trog
   214 | D        | Reached skill level 11 in Unarmed Combat
   214 | D        | Found a stormy altar of Qazlal.
   214 | D        | Found a blossoming altar of Fedhas.
   214 | D        | Found a bloodstained altar of Trog.
   214 | D        | Found an iron altar of Okawaru.
   214 | D        | Found a glowing golden altar of the Shining One.
   214 | D        | Found a glowing silver altar of Zin.
   214 | D        | Found a white marble altar of Elyvilon.
   215 | D        | Found a sparkling altar of Nemelex Xobeh.
   221 | D        | Bought a diamond ring for 120 gold pieces
   221 | D        | Bought a scroll labelled FEBORCH OCSUFUORURI for 24 gold
                  | pieces
   231 | D        | Noticed Sonja
   236 | D        | Killed Sonja
   237 | D        | Reached skill level 10 in Fighting
   237 | D        | Reached skill level 10 in Dodging
   290 | D        | Noticed a deep troll
   296 | D        | HP: 1/93 [deep troll (11)]
   298 | D        | Slain by a deep troll

Illustrated notes

Levels and vault maps discovered:
D:        dungeon_sprint_1 [red_sonja_temple_1, red_sonja_temple_small_1]

Skill      XL: |  1  2  3  4  5  6  7  8 |
---------------+-------------------------+-----
Fighting       | 3 5 6 7 9 10 | 10.1
Dodging        | 3 5 6 7 9 10 | 10.0
Unarmed Combat | 4 6 7 9 10 11 | 11.8

Action                     |  1- 3 |  4- 6 |  7- 9 || total
---------------------------+-------+-------+-------++-------
  Melee: Unarmed           |     5 |    11 |    31 ||    47
 Invoke: Berserk           |       |     1 |     2 ||     3
    Use: Scroll            |       |       |     1 ||     1
         Potion            |       |       |     1 ||     1
   Stab: Sleeping          |       |     1 |       ||     1
 Armour: Animal skin       |     2 |     3 |       ||     5
         Robe              |       |     3 |    34 ||    37
  Dodge: Dodged            |     1 |     1 |    19 ||    21

Table legend: (Time is in decaauts)
 A = Elapsed time spent in this place.
 B = Non-inter-level travel time spent in this place.
 C = Inter-level travel time spent in this place.
 D = Time resting spent in this place.
 E = Time spent auto-exploring this place.
 F = Levels seen in this place.
 G = Mean time per level.
                   A        B        C        D        E       F      G
               +--------+--------+--------+--------+--------+-----+--------+
         Total |    315 |    315 |      0 |     44 |     63 |   1 |  315.0 |
       Dungeon |    315 |    315 |      0 |     44 |     63 |   1 |  315.0 |
               +--------+--------+--------+--------+--------+-----+--------+

Top non-repeatable levels by time:
       D: 315 daAuts
